[Event "Titled Tuesday Blitz July 4 Early 2023"]
[White "Heinemann, Josefine"]
[Black "campochess"]
[WhiteFideId "12900460"]
[WhiteElo "2461"]
[BlackElo "2127"]
[Result "1/2-1/2"]
[Round "2"]
[TimeControl "180+2"]
[Date "2023.07.04"]
[WhiteClock "0:00:18"]
[BlackClock "0:00:03"]
[Board "222"]

1. d4 Nf6 2. c4 c5 3. Nf3 cxd4 4. Nxd4 g6 5. Nc3 Bg7 6. g3 O-O 7. Bg2 Nc6 8. Nxc6 dxc6 9. O-O Qa5 10. Bf4 Be6 11. Qb3 b5 12. Bxc6 Bxc4 13. Qc2 Rac8 14. Bb7 Rcd8 15. a3 Ng4 16. h3 Ne5 17. Bg2 Qb6 18. Rad1 Rxd1 19. Rxd1 Rd8 20. Be3 Rxd1+ 21. Qxd1 Qc7 22. b3 Nd7 23. bxc4 Bxc3 24. cxb5 Ba5 25. Qc1 Qb8 26. Qc6 Ne5 27. Qa8 Qxa8 28. Bxa8 Bb6 29. Bd2 Bc5 30. a4 Nc4 31. Be1 Nb6 32. Be4 Nxa4 33. Kf1 Nb6 34. Bb1 Nc4 35. e3 Nd6 36. Bd3 f5 37. Ke2 e5 38. Kd1 Kf8 39. Kc2 Ke7 40. Kb3 Nc8 41. Bc3 Kd6 42. Bc4 Nb6 43. Bg8 h6 44. Bh7 Ke6 45. Bxg6 Nd5 46. Be1 Nf6 47. Kc4 Bb6 48. h4 e4 49. h5 Ng4 50. Be8 Ne5+ 51. Kb3 Nd3 52. Bc3 Nxf2 53. Bg7 Ng4 54. Bg6 Bc7 55. Kc4 Bxg3 56. Bd4 Bf2 57. Bxa7 Bxe3 58. Bb8 Bb6 59. Bg3 Ne3+ 60. Kb3 Nd5 61. Be1 Ne7 62. Bd2 Nxg6 63. hxg6 Kf6 64. Bxh6 Kxg6 65. Bf4 Kh5 66. Kc4 Kg4 67. Be5 f4 68. Bd4 Bxd4 69. Kxd4 Kf3 70. b6 e3 71. b7 e2 72. b8=Q e1=Q 73. Qb7+ Kf2 74. Qb2+ Qe2 75. Qb1 Qe3+ 76. Kd5 f3 77. Qc2+ Qe2 78. Qc5+ Kf1 79. Qc1+ Qe1 80. Qc4+ Qe2 81. Qc1+ Kf2 82. Qc5+ Qe3 83. Qc2+ Kf1 84. Qc1+ Qe1 85. Qc4+ Qe2 86. Qc1+ 1/2-1/2


[Site "https://www.chess.com"]

[Event "Titled Tuesday Blitz July 4 Early 2023"]
[White "Suduvasachmatai"]
[Black "Baches Garcia, Guillermo"]
[BlackFideId "2209764"]
[WhiteElo "2121"]
[BlackElo "2459"]
[Result "0-1"]
[Round "2"]
[TimeControl "180+2"]
[Date "2023.07.04"]
[WhiteClock "0:00:06"]
[BlackClock "0:00:25"]
[Board "223"]

1. e4 c5 2. c3 d5 3. exd5 Qxd5 4. d4 Nc6 5. Nf3 Bg4 6. Be2 cxd4 7. cxd4 e6 8. Nc3 Bb4 9. O-O Qa5 10. d5 exd5 11. Qxd5 Bxc3 12. Qe4+ Be6 13. bxc3 Nf6 14. Qh4 O-O 15. Bg5 Nd5 16. Bd3 f5 17. Rfe1 Rae8 18. Bc4 Qxc3 19. Rac1 Qa5 20. Bd2 Qd8 21. Qxd8 Nxd8 22. Rxe6 Nxe6 23. Bxd5 Kh8 24. Bb4 Rf6 25. Ne5 Nd4 26. Kf1 h6 27. f4 Rb6 28. Bc5 Rc8 29. Ng6+ Rxg6 30. Re1 Nc6 31. g3 Rf6 32. Be7 Nxe7 33. Rxe7 b5 34. Rxa7 Rd6 35. Bb3 Kh7 36. Kg2 Rd2+ 37. Kh3 Re8 38. g4 Re3+ 39. Kh4 Rxh2# 0-1


[Site "https://www.chess.com"]

[Event "Titled Tuesday Blitz July 4 Early 2023"]
[White "Dobre, Claudiu-Cristian"]
[Black "Lisjak, Zlatko"]
[WhiteFideId "1211854"]
[BlackFideId "14502186"]
[WhiteElo "2459"]
[BlackElo "2117"]
[Result "0-1"]
[Round "2"]
[TimeControl "180+2"]
[Date "2023.07.04"]
[WhiteClock "0:00:00"]
[BlackClock "0:00:10"]
[Board "224"]

1. e4 c5 2. b3 Nf6 3. e5 Nd5 4. d4 cxd4 5. Qxd4 e6 6. Nf3 Nc6 7. Qb2 Bb4+ 8. c3 Be7 9. c4 Nb6 10. Bd2 f5 11. exf6 Bxf6 12. Bc3 Nb4 13. a3 Nc6 14. Nbd2 O-O 15. Bd3 d5 16. Bxf6 Rxf6 17. Qc2 h6 18. O-O e5 19. cxd5 Nxd5 20. Ne4 Rf4 21. Bc4 Rxf3 22. gxf3 Nd4 23. Bxd5+ Qxd5 24. Qc4 Nxf3+ 25. Kg2 Nh4+ 26. Kg1 Qxc4 27. bxc4 Bh3 28. Rfd1 Rf8 29. Rd3 Nf3+ 30. Kh1 Rf4 31. Re3 Bd7 32. Rd1 Bc6 33. Rd5 g5 34. Kg2 Nh4+ 35. Kf1 Ng6 36. Ke2 Ne7 37. Rxe5 Ng6 38. Re6 Kf7 39. Rxc6 bxc6 40. Nd6+ Kf6 41. Rb3 Rd4 42. c5 Nf4+ 43. Ke3 Rd5 44. Rb7 Ke5 45. Re7+ Ne6 0-1


[Site "https://www.chess.com"]

[Event "Titled Tuesday Blitz July 4 Early 2023"]
[White "Singgih, Diajeng Theresa"]
[Black "Gatterer, Florian"]
[WhiteFideId "7104391"]
[BlackFideId "811688"]
[WhiteElo "2086"]
[BlackElo "2458"]
[Result "1-0"]
[Round "2"]
[TimeControl "180+2"]
[Date "2023.07.04"]
[WhiteClock "0:00:46"]
[BlackClock "0:00:18"]
[Board "225"]

1. e4 c5 2. Nf3 e6 3. d4 cxd4 4. Nxd4 Nf6 5. Nc3 Nc6 6. Nb3 Bb4 7. Bd3 d5 8. exd5 Nxd5 9. Bd2 O-O 10. Nxd5 Bxd2+ 11. Qxd2 Qxd5 12. O-O-O g6 13. Qc3 Qe5 14. Qd2 b6 15. Rhe1 Qf6 16. Re3 Bb7 17. Rf3 Qg7 18. Rh3 Ne5 19. Qg5 Rac8 20. Nd4 Nxd3+ 21. Rdxd3 Be4 22. Rd2 Rfd8 23. c3 Rxd4 24. Rxd4 Qxd4 25. Qh4 Qe5 26. Qxh7+ Kf8 27. Qh8+ Qxh8 28. Rxh8+ Ke7 29. Rxc8 Bxg2 30. Rc7+ Kf6 31. Rxa7 Be4 32. a4 g5 33. Ra6 Ke5 34. Rxb6 f5 35. a5 f4 36. a6 g4 37. a7 g3 38. hxg3 fxg3 39. fxg3 Kf5 40. Rb5+ Kg4 41. Rb4 1-0


[Site "https://www.chess.com"]

[Event "Titled Tuesday Blitz July 4 Early 2023"]
[White "Sukandar, Irine Kharisma"]
[Black "Cramling Bellon, Anna"]
[WhiteFideId "7101937"]
[BlackFideId "32009232"]
[WhiteElo "2457"]
[BlackElo "2084"]
[Result "1-0"]
[Round "2"]
[TimeControl "180+2"]
[Date "2023.07.04"]
[WhiteClock "0:00:21"]
[BlackClock "0:00:00"]
[Board "226"]

1. e4 c5 2. Nf3 e6 3. g3 Nc6 4. Bg2 d5 5. exd5 exd5 6. O-O Nf6 7. d4 cxd4 8. Nxd4 Be7 9. Nc3 O-O 10. Bg5 Be6 11. Re1 Nxd4 12. Qxd4 Rc8 13. a3 h6 14. Bf4 Bc5 15. Qd2 Ng4 16. Re2 d4 17. Ne4 Bc4 18. Nxc5 Rxc5 19. Re4 Rd5 20. Rd1 Nf6 21. Rxd4 Rxd4 22. Qxd4 Qxd4 23. Rxd4 b5 24. b3 Be6 25. a4 bxa4 26. Rxa4 Rc8 27. c4 Rd8 28. h3 Rd1+ 29. Kh2 Rd7 30. Bc6 Rd1 31. Rxa7 Nh5 32. Bf3 Nxf4 33. Bxd1 Nd3 34. Ra8+ Kh7 35. Bc2 Bf5 36. g4 1-0


[Site "https://www.chess.com"]

[Event "Titled Tuesday Blitz July 4 Early 2023"]
[White "Jaivardhan Raj"]
[Black "Manukian, Artak"]
[WhiteFideId "25744437"]
[BlackFideId "13301373"]
[WhiteElo "2082"]
[BlackElo "2449"]
[Result "0-1"]
[Round "2"]
[TimeControl "180+2"]
[Date "2023.07.04"]
[WhiteClock "0:00:08"]
[BlackClock "0:00:16"]
[Board "227"]

1. e4 c6 2. d4 d5 3. Nd2 dxe4 4. Nxe4 Nf6 5. Nxf6+ exf6 6. Nf3 Bd6 7. Bd3 O-O 8. O-O Bg4 9. h3 Bh5 10. c3 Re8 11. Be3 Nd7 12. c4 Qc7 13. g4 Bg6 14. Bxg6 hxg6 15. Qd2 g5 16. c5 Bf4 17. Rfe1 Nf8 18. Bxf4 gxf4 19. Nh4 g6 20. Ng2 g5 21. h4 Qd7 22. f3 Rxe1+ 23. Rxe1 Ne6 24. Rd1 Rd8 25. hxg5 fxg5 26. Qc3 Nxd4 27. Kf2 Qd5 28. Ne1 Qe5 29. Nc2 Qe2+ 30. Kg1 Nxf3+ 31. Qxf3 Rxd1+ 32. Qf1 Rxf1# 0-1


[Site "https://www.chess.com"]

[Event "Titled Tuesday Blitz July 4 Early 2023"]
[White "Sailer, Mike"]
[Black "Herman, Daniel"]
[WhiteFideId "2012901"]
[BlackFideId "30935008"]
[WhiteElo "2082"]
[BlackElo "2442"]
[Result "1-0"]
[Round "2"]
[TimeControl "180+2"]
[Date "2023.07.04"]
[WhiteClock "0:00:18"]
[BlackClock "0:00:09"]
[Board "228"]

1. d4 g6 2. Bf4 d6 3. e3 Bg7 4. Nf3 Nc6 5. Be2 e5 6. Bg3 Nh6 7. c3 O-O 8. h3 Nf5 9. Bh2 e4 10. Nfd2 d5 11. O-O Be6 12. c4 Qg5 13. Bf4 Qh4 14. cxd5 Bxd5 15. Nc3 Nce7 16. Bxc7 Rac8 17. Nxd5 Nxd5 18. Bh2 Rfe8 19. Rc1 Qg5 20. Rxc8 Rxc8 21. Nxe4 Qe7 22. Nc5 b6 23. Nd3 Nfxe3 24. fxe3 Qxe3+ 25. Kh1 Qxd4 26. Bg1 Qh4 27. Bf3 Rd8 28. Bxd5 Rxd5 29. Qe2 Rd8 30. Nf4 Qg5 31. Bh2 Be5 32. Nd3 Bxh2 33. Kxh2 Qb5 34. Rd1 Qd5 35. Kh1 Qc4 36. Qd2 Qd4 37. Qc3 Qe4 38. Nf2 Rxd1+ 39. Nxd1 Qe2 40. Qd4 Qe1+ 41. Kh2 Qe6 42. Qd8+ Kg7 43. Qd4+ Kg8 44. Ne3 Qxa2 45. Nd5 Qb3 46. Nf6+ Kf8 47. Nxh7+ Ke7 48. Qf6+ Ke8 49. Ng5 Qd5 50. Nf3 a5 51. Qxb6 Qf5 52. Qb8+ Ke7 53. Qc7+ Kf8 54. Qd6+ Kg8 55. Qd8+ Kg7 56. Qd4+ Kg8 57. Qg4 Qxg4 58. hxg4 Kf8 59. Kg3 Ke7 60. Kf4 Kd6 61. Ke4 Kc5 62. Ne5 Kb4 63. Nxf7 Kb3 64. Ne5 Kxb2 65. Nc4+ Kb3 66. Nxa5+ Kb4 67. Nc6+ Kc5 68. Ne7 Kd6 69. Nxg6 Ke6 70. Kf4 Kf6 71. Ne5 1-0


[Site "https://www.chess.com"]

[Event "Titled Tuesday Blitz July 4 Early 2023"]
[White "Chor, Kevin"]
[Black "Horokoskii"]
[WhiteFideId "2090740"]
[WhiteElo "2442"]
[BlackElo "2081"]
[Result "1-0"]
[Round "2"]
[TimeControl "180+2"]
[Date "2023.07.04"]
[WhiteClock "0:00:06"]
[BlackClock "0:00:00"]
[Board "229"]

1. e4 e6 2. d4 d5 3. Nd2 Nc6 4. Ngf3 Nf6 5. e5 Nd7 6. Bd3 f6 7. exf6 Qxf6 8. Nb3 Bd6 9. O-O O-O 10. Bg5 Qf7 11. Bh4 e5 12. Bxh7+ Kh8 13. Ng5 Qe8 14. Re1 e4 15. c4 Nf6 16. cxd5 Nb4 17. Bxe4 Nxe4 18. Rxe4 Qg6 19. Qd2 Bf5 20. Re2 Bd3 21. Re6 Qf5 22. Rxd6 cxd6 23. Qxb4 Qxd5 24. Qd2 Bg6 25. Nf3 Rxf3 26. gxf3 Qxf3 27. Qe3 Qh5 28. Qg5 Qh7 29. Re1 Rf8 30. Re7 Rf5 31. Qg3 Rh5 32. Bf6 Kg8 33. Rxg7+ Qxg7 34. Bxg7 Kxg7 35. Qxd6 Kh6 36. Qf4+ Kh7 37. Kf1 Rf5 38. Qc7+ Kh6 39. Ke2 Bh5+ 40. Ke3 Rf3+ 41. Ke4 Rf6 42. Qe5 Rg6 43. Nc5 Rg4+ 44. Kd3 Rg6 45. Ne4 Rg7 46. Qf4+ Kh7 47. Nf6+ 1-0


[Site "https://www.chess.com"]

[Event "Titled Tuesday Blitz July 4 Early 2023"]
[White "Aanna12"]
[Black "Goncalves, Davi Sulzbacher"]
[BlackFideId "2154510"]
[WhiteElo "2074"]
[BlackElo "2441"]
[Result "0-1"]
[Round "2"]
[TimeControl "180+2"]
[Date "2023.07.04"]
[WhiteClock "0:00:00"]
[BlackClock "0:00:03"]
[Board "230"]

1. e4 c5 2. Nf3 d6 3. d3 g6 4. g3 Bg7 5. Bg2 Nc6 6. O-O Nf6 7. c3 O-O 8. Re1 Rb8 9. d4 cxd4 10. cxd4 d5 11. e5 Ne4 12. Nc3 Nxc3 13. bxc3 Bf5 14. Bf4 Rc8 15. Qd2 Na5 16. Bh6 Qc7 17. Rac1 Nc4 18. Qf4 Be4 19. Bxg7 Kxg7 20. h4 h6 21. h5 f6 22. exf6+ Rxf6 23. Qxc7 Rxc7 24. Ne5 Nxe5 25. dxe5 Rfc6 26. Bxe4 dxe4 27. hxg6 Rxc3 28. Rxc3 Rxc3 29. Rxe4 Ra3 30. Rb4 b6 31. Rb2 Kxg6 32. Kg2 Kf5 33. Re2 h5 34. f3 b5 35. Rb2 a6 36. Re2 e6 37. Kf2 Kg5 38. Kg2 Kf5 39. Kf2 b4 40. Kg2 a5 41. Kf2 a4 42. Kg2 Rc3 43. Rb2 b3 44. axb3 axb3 45. Kh3 Rxf3 46. Kh4 Rc3 0-1


[Site "https://www.chess.com"]

[Event "Titled Tuesday Blitz July 4 Early 2023"]
[White "Ocelak, Jakub"]
[Black "Allam, Yara"]
[WhiteFideId "23707933"]
[BlackFideId "10615709"]
[WhiteElo "2440"]
[BlackElo "2070"]
[Result "1-0"]
[Round "2"]
[TimeControl "180+2"]
[Date "2023.07.04"]
[WhiteClock "0:00:10"]
[BlackClock "0:00:16"]
[Board "231"]

1. b3 d5 2. Bb2 c5 3. e3 Nc6 4. Bb5 Bd7 5. Nf3 e6 6. O-O Nf6 7. d3 Bd6 8. Nbd2 Qc7 9. Qe2 O-O 10. Bxc6 Bxc6 11. e4 Nd7 12. h3 d4 13. a4 Ne5 14. Nxe5 Bxe5 15. Nc4 a6 16. a5 Bb5 17. Nxe5 Qxe5 18. f4 Qd6 19. f5 f6 20. fxe6 Qxe6 21. Rf5 Rac8 22. Raf1 Bd7 23. Qd2 Qf7 24. R5f4 Qg6 25. Kh2 Rfe8 26. Qf2 Re5 27. Bc1 Rce8 28. Bd2 Qh5 29. Qf3 Qxf3 30. R1xf3 Bc6 31. g4 h6 32. Rf5 Bd7 33. R5f4 Bc6 34. Rf2 Bd7 35. R4f3 Bc6 36. Bf4 R5e6 37. Bg3 Bd7 38. Rf5 Rc8 39. R5f3 Be8 40. Rf5 Bd7 41. Rd5 Be8 42. Rff5 Rec6 43. Bd6 Bf7 44. Rxc5 Rxc5 45. Rxc5 Rxc5 46. Bxc5 h5 47. Bxd4 hxg4 48. hxg4 Be6 49. Kg3 Kf7 50. Kf4 g5+ 51. Kf3 Ke7 52. Bb2 Bd7 53. c4 Be6 54. d4 Bd7 55. d5 Bc8 56. b4 Bd7 57. Bc1 Be8 58. e5 Bd7 59. exf6+ Kxf6 60. Bb2+ Kg6 61. Be5 Be8 62. Ke4 Bd7 63. Kf3 Be8 64. Kg3 Bd7 65. Bd6 Be8 66. Bb8 Bd7 67. c5 Be8 68. Be5 Bd7 69. Kf3 Be8 70. Ke3 Bd7 71. Kd4 Bxg4 72. c6 bxc6 73. dxc6 Bc8 74. Kc5 Kf5 75. Bh2 g4 76. Kb6 Ke4 77. Kc7 Bf5 78. Kb8 Kf3 79. c7 g3 80. Bxg3 Kxg3 81. c8=Q Bxc8 82. Kxc8 Kf4 83. Kb7 Ke5 84. Kxa6 Kd6 85. b5 Kc7 86. Ka7 Kc8 87. b6 Kd7 88. b7 Kc6 89. b8=Q Kd5 90. Kb7 Ke4 91. a6 Kf3 92. a7 Kg2 93. a8=Q Kh1 94. Qa1+ Kg2 95. Qb2+ Kf3 96. Qf8+ Ke4 97. Qe7+ Kf5 98. Qee5+ Kg6 99. Qg2+ Kh7 100. Qgg7# 1-0


[Site "https://www.chess.com"]

[Event "Titled Tuesday Blitz July 4 Early 2023"]
[White "Ho, In Hei Henry"]
[Black "Taboas Rodriguez, Daniel"]
[WhiteFideId "6002552"]
[BlackFideId "2208466"]
[WhiteElo "2069"]
[BlackElo "2439"]
[Result "1/2-1/2"]
[Round "2"]
[TimeControl "180+2"]
[Date "2023.07.04"]
[WhiteClock "0:00:09"]
[BlackClock "0:01:48"]
[Board "232"]

1. d4 d5 2. Nf3 c6 3. Bf4 Bf5 4. e3 e6 5. Bd3 Bd6 6. Bxf5 exf5 7. Bxd6 Qxd6 8. c3 Nd7 9. Qc1 Ngf6 10. Nbd2 O-O 11. O-O f4 12. Re1 Rae8 13. exf4 Qxf4 14. Nf1 Qd6 15. Qg5 Ne4 16. Qh4 f5 17. Ng5 h6 18. Nxe4 fxe4 19. Re3 Rf4 20. Qh3 Ref8 21. Re2 Nf6 22. Ne3 Qd7 23. Qxd7 Nxd7 24. c4 Nb6 25. cxd5 Nxd5 26. Nxd5 cxd5 27. Rc1 R8f6 28. Rc8+ Kh7 29. Rd8 e3 30. Rxe3 Rxf2 31. h3 Rxb2 32. Re7 Rff2 33. Rxd5 Rxg2+ 34. Kh1 Rh2+ 35. Kg1 Rbg2+ 36. Kf1 Rxa2 37. Kg1 Rag2+ 38. Kf1 Rb2 39. Kg1 Rxh3 40. Rdd7 Rg3+ 41. Kh1 a5 42. d5 a4 43. d6 a3 44. Rxb7 a2 45. Ra7 Rd3 46. Rxg7+ Kh8 47. Rh7+ Kg8 48. Rhg7+ Kf8 49. Rgf7+ Kg8 50. Rg7+ Kf8 51. Rgf7+ Kg8 52. Rg7+ 1/2-1/2


[Site "https://www.chess.com"]

[Event "Titled Tuesday Blitz July 4 Early 2023"]
[White "Begunov, Konstantin"]
[Black "Semenova, Alina"]
[WhiteFideId "4118510"]
[BlackFideId "24113875"]
[WhiteElo "2438"]
[BlackElo "2064"]
[Result "1-0"]
[Round "2"]
[TimeControl "180+2"]
[Date "2023.07.04"]
[WhiteClock "0:00:11"]
[BlackClock "0:00:02"]
[Board "233"]

1. d4 Nf6 2. c4 d6 3. Nc3 g6 4. e4 Bg7 5. f3 O-O 6. Be3 e5 7. Nge2 exd4 8. Nxd4 a6 9. Be2 Nbd7 10. O-O Rb8 11. Qd2 Ne5 12. Rac1 Be6 13. Nxe6 fxe6 14. c5 d5 15. exd5 exd5 16. Rcd1 c6 17. Bf4 Nh5 18. Bg5 Bf6 19. Bh6 Bg7 20. Bg5 Bf6 21. Be3 Ng7 22. f4 Nc4 23. Bxc4 dxc4 24. Qe2 Qc7 25. Qxc4+ Kh8 26. Bd4 Bxd4+ 27. Qxd4 Rbd8 28. Qe5 Qf7 29. Rxd8 Rxd8 30. Ne4 Rd5 31. Qb8+ Ne8 32. Nd6 Rxd6 33. cxd6 Kg7 34. Re1 Nf6 35. Re7 Nd7 36. Rxf7+ Kxf7 37. Qc7 Ke6 38. Qxb7 Kxd6 39. Qxa6 Nc5 40. Qc4 h6 41. b4 Ne6 42. Qd3+ Ke7 43. Qxg6 Nxf4 44. Qxh6 Ne6 45. Qh7+ Kd6 46. Qd3+ Kc7 47. a4 Kb6 48. Qe3+ Nc5 49. Qxc5+ 1-0


[Site "https://www.chess.com"]

[Event "Titled Tuesday Blitz July 4 Early 2023"]
[White "Politov, Pavel Y."]
[Black "Omariev, Maksim"]
[WhiteFideId "24110515"]
[BlackFideId "4193423"]
[WhiteElo "2053"]
[BlackElo "2435"]
[Result "0-1"]
[Round "2"]
[TimeControl "180+2"]
[Date "2023.07.04"]
[WhiteClock "0:00:00"]
[BlackClock "0:00:02"]
[Board "234"]

1. e4 c5 2. Nf3 d6 3. d4 cxd4 4. Nxd4 Nf6 5. Nc3 a6 6. f3 e6 7. Be3 b5 8. Qd2 Bb7 9. g4 Nfd7 10. O-O-O Nb6 11. g5 N8d7 12. Qf2 Rc8 13. Kb1 Rxc3 14. bxc3 Qc7 15. Nb3 Na4 16. Bd2 Nxc3+ 17. Bxc3 Qxc3 18. Bg2 Qc7 19. f4 Be7 20. Qd4 O-O 21. Rhg1 Rc8 22. Qd2 Nb6 23. Ka1 Na4 24. Rc1 Nc3 25. Rge1 a5 26. Re3 a4 27. Nd4 b4 28. f5 e5 29. Nf3 Qc4 30. Rxc3 bxc3 31. Qd3 Qb4 32. Rb1 Qa3 33. Rxb7 d5 34. Rb1 dxe4 35. Qxe4 f6 36. gxf6 Bxf6 37. Qd5+ Kh8 38. Qb7 Rd8 39. Qb8 Qc5 40. Qb4 Qd5 41. Qxa4 e4 42. Qb3 exf3 0-1


[Site "https://www.chess.com"]

[Event "Titled Tuesday Blitz July 4 Early 2023"]
[White "Blackwhite017"]
[Black "Pandey Srishti"]
[BlackFideId "35093290"]
[WhiteElo "2052"]
[BlackElo "2434"]
[Result "0-1"]
[Round "2"]
[TimeControl "180+2"]
[Date "2023.07.04"]
[WhiteClock "0:00:00"]
[BlackClock "0:00:25"]
[Board "235"]

1. e4 e5 2. Nf3 Nc6 3. Bb5 a6 4. Ba4 Nf6 5. O-O b5 6. Bb3 Bc5 7. c3 d6 8. a4 Rb8 9. axb5 axb5 10. d4 Bb6 11. Bg5 Bg4 12. d5 Na5 13. Bc2 h6 14. Bh4 g5 15. Bg3 Nh5 16. Qd3 Qd7 17. Nbd2 Nf4 18. Bxf4 gxf4 19. Ra2 Ke7 20. Rfa1 Nc4 21. b3 Nxd2 22. Nxd2 Rbg8 23. Kf1 Bh5 24. f3 Kf6 25. Bd1 Rh7 26. Nb1 Rhg7 27. c4 Qh3 28. Re2 Qxh2 0-1


[Site "https://www.chess.com"]

[Event "Titled Tuesday Blitz July 4 Early 2023"]
[White "Kopczynski, Michal"]
[Black "Winkels, Marcel"]
[WhiteFideId "1124200"]
[BlackFideId "1003887"]
[WhiteElo "2431"]
[BlackElo "2051"]
[Result "1-0"]
[Round "2"]
[TimeControl "180+2"]
[Date "2023.07.04"]
[WhiteClock "0:02:21"]
[BlackClock "0:00:47"]
[Board "236"]

1. e4 c5 2. d4 cxd4 3. c3 Nf6 4. Bd3 dxc3 5. Nxc3 d6 6. f4 Nc6 7. Nf3 Bg4 8. O-O e6 9. Kh1 Be7 10. Qe1 O-O 11. Be3 a6 12. Rd1 Qa5 13. Qg3 Bxf3 14. Rxf3 Nb4 15. Bb1 Qh5 16. h3 Rac8 17. Bd4 e5 18. fxe5 dxe5 19. Bxe5 Rfd8 20. Rxd8+ Rxd8 21. Bxf6 Bxf6 22. Rxf6 Rd1+ 23. Nxd1 Qxd1+ 24. Kh2 Qxb1 25. Qb8# 1-0


[Site "https://www.chess.com"]

[Event "Titled Tuesday Blitz July 4 Early 2023"]
[White "Mickiewicz, Piotr"]
[Black "Guevara Sanchez, Erick Marvin"]
[WhiteFideId "1114891"]
[BlackFideId "6700136"]
[WhiteElo "2428"]
[BlackElo "2050"]
[Result "1-0"]
[Round "2"]
[TimeControl "180+2"]
[Date "2023.07.04"]
[WhiteClock "0:00:38"]
[BlackClock "0:01:02"]
[Board "237"]

1. c4 Nf6 2. Nf3 d6 3. d4 Nc6 4. Nc3 e5 5. d5 Nb8 6. e4 Be7 7. Be2 O-O 8. O-O a5 9. Be3 Bd7 10. Nd2 c6 11. a3 cxd5 12. cxd5 Na6 13. Rb1 Rc8 14. Nc4 Nc5 15. f3 b5 16. Nd2 b4 17. Nb5 Rb8 18. a4 Ne8 19. Bxc5 dxc5 20. Nc4 Nd6 21. Nbxd6 Bxd6 22. Nxd6 b3 23. Bb5 Bxb5 24. Nxb5 c4 25. Qd2 Qb6+ 26. Qf2 Qh6 27. Rfd1 Rfd8 28. g3 Qg5 29. Rbc1 Rbc8 30. Rc3 Qe7 31. Kg2 Qb4 32. Ra1 Rc5 33. Qe3 f5 34. Na7 fxe4 35. fxe4 Qb7 36. Qxc5 1-0


[Site "https://www.chess.com"]

[Event "Titled Tuesday Blitz July 4 Early 2023"]
[White "Ai, Evan"]
[Black "NtcPou"]
[WhiteFideId "2094770"]
[WhiteElo "2427"]
[BlackElo "2048"]
[Result "1-0"]
[Round "2"]
[TimeControl "180+2"]
[Date "2023.07.04"]
[WhiteClock "0:00:22"]
[BlackClock "0:00:17"]
[Board "238"]

1. d4 d5 2. c4 c6 3. Nc3 Nf6 4. cxd5 cxd5 5. Bf4 Nc6 6. e3 Ne4 7. Nxe4 dxe4 8. Bc4 g6 9. Ne2 Bg7 10. O-O O-O 11. a3 Bg4 12. h3 Bxe2 13. Qxe2 Rc8 14. Rac1 e5 15. dxe5 Nxe5 16. Rfd1 Qb6 17. b4 Nxc4 18. Rxc4 Rxc4 19. Qxc4 Rd8 20. Rxd8+ Qxd8 21. Qxe4 Qd1+ 22. Kh2 h6 23. Qxb7 g5 24. Bg3 Qa4 25. Qc8+ Kh7 26. Qf5+ Kg8 27. Qa5 Qd7 28. Qc7 Qa4 29. Qa5 Qd7 30. a4 h5 31. Qxg5 Qxa4 32. Qa5 Qd7 33. b5 Bf6 34. b6 h4 35. Bf4 axb6 36. Qxb6 Kg7 37. Qc5 Qe6 38. Qh5 Kf8 39. Qg4 Qc6 40. Qf5 Kg7 41. e4 Qb6 42. e5 Be7 43. Be3 Qc7 44. g4 hxg3+ 45. Kxg3 Qb7 46. Bg5 Bxg5 47. Qxg5+ Kf8 48. Qd8+ Kg7 49. Qf6+ Kf8 50. h4 Qh1 51. Qh6+ Ke7 52. Qg5+ Kf8 53. h5 Qg1+ 54. Kh4 Qxf2+ 55. Qg3 Qf5 56. h6 Qe4+ 57. Kh5 Qh1+ 58. Kg5 Qc1+ 59. Qf4 Qg1+ 60. Kh5 Qh1+ 61. Kg4 Qg1+ 62. Qg3 Qd4+ 63. Kh5 Qe4 64. Qg7+ Ke7 65. h7 Qf5+ 66. Qg5+ Qxg5+ 67. Kxg5 1-0


[Site "https://www.chess.com"]

[Event "Titled Tuesday Blitz July 4 Early 2023"]
[White "Gomes, Luiz Alexandre de Souza"]
[Black "Goughfather"]
[WhiteFideId "2102790"]
[WhiteElo "2425"]
[BlackElo "2032"]
[Result "0-1"]
[Round "2"]
[TimeControl "180+2"]
[Date "2023.07.04"]
[WhiteClock "0:01:04"]
[BlackClock "0:00:01"]
[Board "239"]

1. e4 c6 2. d4 d5 3. Nc3 dxe4 4. Nxe4 Nf6 5. Nxf6+ exf6 6. c3 Bd6 7. Bd3 O-O 8. Qc2 h5 9. Ne2 Re8 10. Be3 Be6 11. O-O-O Na6 12. Kb1 Nc7 13. h3 Nd5 14. Bc1 Qa5 15. b3 b5 16. Rhg1 Rab8 17. g4 h4 18. g5 f5 19. g6 f6 20. Bd2 Qa3 21. Bxf5 Bxf5 22. Qxf5 Rxe2 23. Qh5 Nxc3+ 24. Kc2 Nd5 25. Qxe2 Qxa2+ 26. Kd3 Bb4 27. Qe6+ Kh8 28. Rge1 Qxb3+ 29. Ke4 Bxd2 30. Rxd2 Qc3 31. Kf5 Qf3# 0-1


[Site "https://www.chess.com"]

[Event "Titled Tuesday Blitz July 4 Early 2023"]
[White "Merino Garcia, Rafael II"]
[Black "ilya2700"]
[WhiteFideId "2209128"]
[WhiteElo "2424"]
[BlackElo "2032"]
[Result "1-0"]
[Round "2"]
[TimeControl "180+2"]
[Date "2023.07.04"]
[WhiteClock "0:00:51"]
[BlackClock "0:00:13"]
[Board "240"]

1. d4 d5 2. Nf3 e6 3. e3 Nf6 4. Bd3 Be7 5. b3 O-O 6. Bb2 Nbd7 7. O-O b6 8. c4 Bb7 9. Nc3 c5 10. Qe2 Rc8 11. Rfd1 Re8 12. Rac1 h6 13. Ne5 Qc7 14. f4 a6 15. cxd5 exd5 16. Na4 Nxe5 17. fxe5 Ne4 18. Bxe4 dxe4 19. d5 Bd8 20. d6 Qd7 21. Rd2 Rc6 22. Rf1 b5 23. Nc3 Rc8 24. Nd5 Bxd5 25. Rxd5 c4 26. bxc4 bxc4 27. Bc3 Bb6 28. Rf4 Red8 29. Rxe4 Qe6 30. Rd1 Rc6 31. h3 Rcxd6 32. Rxd6 Rxd6 33. exd6 Qxe4 34. d7 Qxe3+ 35. Qxe3 Bxe3+ 36. Kf1 Bb6 37. Ke2 Kf8 38. Bd4 Bd8 39. Bc5+ Kg8 40. Kd2 f6 41. Kc3 Kf7 42. Kxc4 Ke6 43. Kb4 Kxd7 44. Bf8 Be7+ 45. Bxe7 Kxe7 46. Ka5 g5 47. Kxa6 f5 48. Kb5 g4 49. Kc4 Kd6 50. Kd3 Kc5 51. Ke3 gxh3 52. gxh3 Kb4 53. Kf4 Ka3 54. Kxf5 Kxa2 55. Kg6 Kb3 56. Kxh6 Kc4 57. Kg7 Kd5 58. h4 1-0


[Site "https://www.chess.com"]

[Event "Titled Tuesday Blitz July 4 Early 2023"]
[White "Vargas, Mauricio"]
[Black "Zacurdajev, Dmitry"]
[WhiteFideId "4404572"]
[BlackFideId "4196309"]
[WhiteElo "1873"]
[BlackElo "2422"]
[Result "0-1"]
[Round "2"]
[TimeControl "180+2"]
[Date "2023.07.04"]
[WhiteClock "0:00:00"]
[BlackClock "0:00:05"]
[Board "242"]

1. e4 c6 2. Nc3 d5 3. d3 d4 4. Nce2 e5 5. g3 c5 6. Bg2 f6 7. f4 Nc6 8. Nf3 Be6 9. O-O Be7 10. h3 Qd7 11. Kh2 h5 12. f5 Bf7 13. Nh4 Rc8 14. a3 b5 15. Bd2 c4 16. Rc1 b4 17. axb4 Bxb4 18. Qe1 a5 19. Rf3 Nge7 20. c3 cxd3 21. Rxd3 Bc4 22. Rf3 dxc3 23. Nxc3 Nd4 24. Rf2 Nb3 25. Rd1 Nxd2 26. Rfxd2 Qc6 27. Nd5 Bxd2 28. Rxd2 Nxd5 29. exd5 Qb6 30. Ng6 Rh7 31. d6 Bb5 32. Qd1 Bd7 33. Bd5 Qc5 0-1


[Site "https://www.chess.com"]

[Event "Titled Tuesday Blitz July 4 Early 2023"]
[White "Skiadopoulos, Nikolaos"]
[Black "Urbina Perez, Juan Antonio"]
[WhiteFideId "4200772"]
[BlackFideId "2217368"]
[WhiteElo "1873"]
[BlackElo "2422"]
[Result "1-0"]
[Round "2"]
[TimeControl "180+2"]
[Date "2023.07.04"]
[WhiteClock "0:00:36"]
[BlackClock "0:00:39"]
[Board "243"]

1. e4 e5 2. Nf3 Nc6 3. Bc4 g6 4. d4 exd4 5. Nxd4 Bg7 6. Be3 Nge7 7. Nc3 O-O 8. O-O Na5 9. Bd3 d5 10. Nb3 Nac6 11. exd5 Nxd5 12. Nxd5 Qxd5 13. c4 Qe5 14. Rb1 Rd8 15. Qc2 Rxd3 16. Qxd3 Bf5 17. Qe2 Bxb1 18. Rxb1 Rd8 19. Qf3 h5 20. h3 Qe6 21. Nc5 Qxc4 22. Nxb7 Rb8 23. Rc1 Qb5 24. Nc5 Ne5 25. Qe4 Re8 26. Bd4 Nd7 27. Qxe8+ Kh7 28. Nxd7 Bxd4 29. Nf8+ Kg7 30. Qxb5 1-0


[Site "https://www.chess.com"]

[Event "Titled Tuesday Blitz July 4 Early 2023"]
[White "Marn, Jan"]
[Black "Castillo Pena, Patricia Evarista"]
[WhiteFideId "14619245"]
[BlackFideId "6412106"]
[WhiteElo "2421"]
[BlackElo "1845"]
[Result "1-0"]
[Round "2"]
[TimeControl "180+2"]
[Date "2023.07.04"]
[WhiteClock "0:00:07"]
[BlackClock "0:00:00"]
[Board "244"]

1. e4 c5 2. b4 cxb4 3. a3 bxa3 4. d4 e6 5. Nf3 d5 6. e5 Nc6 7. Bxa3 Bxa3 8. Nxa3 Nge7 9. Nb5 O-O 10. Bd3 a6 11. O-O Nb4 12. Be2 Nf5 13. c3 Nc6 14. Bd3 Bd7 15. Bxf5 axb5 16. Rxa8 Qxa8 17. Bxh7+ Kxh7 18. Ng5+ Kg6 19. f4 f5 20. exf6 gxf6 21. Qd3+ f5 22. Qg3 Rg8 23. Nxe6+ Kf6 24. Ng5 b4 25. Re1 bxc3 26. Qh4 Qa7 27. Ne4+ Kf7 28. Qf6+ 1-0


[Site "https://www.chess.com"]